 Dungeon Crawl Stone Soup version 0.31-a0-743-g45f7035092 (webtiles) character file.

Game seed: 4402482810862803894

117 SmokeWeed the Shooter (level 4, -3/26 HPs)
             Began as a Deep Elf Hunter on Sept 13, 2023.
             Slain by a gnoll
             ... wielding a +0 spear
              (6 damage)
             ... on level 2 of the Dungeon.
             The game lasted 00:03:19 (1288 turns).

SmokeWeed the Shooter (Deep Elf Hunter)             Turns: 1288, Time: 00:03:20

Health: -3/26      AC:  5    Str:  8    XL:     4   Next: 71%
Magic:  6/6        EV: 11    Int: 14    God:
Gold:   73         SH:  0    Dex: 20    Spells: 3/3 levels left

rFire   . . .        a - +0 shortbow
rCold   . . .        (shield currently unavailable)
rNeg    . . .        d - +0 ring mail
rPois   .            (no helmet)
rElec   .            (no cloak)
rCorr   .            (no gloves)
SInv    .            (no boots)
Will    .....        (no amulet)
Stlth   +            (no ring)
HPRegen 0.24/turn    (no ring)
MPRegen 0.10/turn

%: no passive effects
@: no status effects
A: no striking features
a: no special abilities


You were on level 2 of the Dungeon.
You visited 1 branch of the dungeon, and saw 2 of its levels.

You collected 73 gold pieces.

Inventory:

Hand Weapons
 a - a +0 shortbow (weapon)
Armour
 c - a +0 leather armour
 d - a +0 ring mail (worn)
Wands
 i - a wand of polymorph (6)
Scrolls
 b - a scroll of butterflies
 f - 3 scrolls of identify {unknown}
 g - a scroll of revelation {unknown}
 h - 2 scrolls of vulnerability {unknown}
Potions
 e - a potion of lignification {unknown}


   Skills:
 + Level 2.0 Fighting
 + Level 7.3 Ranged Weapons
 + Level 1.0 Armour
 + Level 2.7 Dodging
 + Level 1.3 Stealth
 + Level 0.2 Evocations


You had 3 spell levels left.
You didn't know any spells.
Your spell library was empty.

Dungeon Overview and Level Annotations

Branches:
Dungeon (2/15)

Altars:


Message History

a +0 robe; the human corpse of Sigmund You see here a +0 scythe.
You start resting.
HP restored.
You now have 73 gold pieces (gained 10).
Found a stone staircase leading down.
The gnoll shouts! x2
You shoot an arrow. The arrow hits the gnoll.
The gnoll is heavily wounded.
You shoot an arrow.
The arrow hits the gnoll but does no damage.
The gnoll is heavily wounded.
You shoot an arrow. The arrow hits the gnoll.
The gnoll is almost dead.
The gnoll attacks as it pursues you!
The gnoll hits you from afar with a +0 spear!
You shoot an arrow. The arrow hits the gnoll!
You kill the gnoll!
You shoot an arrow. The arrow completely misses the gnoll.
You shoot an arrow. The arrow hits the gnoll.
The gnoll is lightly wounded.
The gnoll completely misses you. The gnoll barely misses you.
You shoot an arrow. The arrow barely misses the gnoll.
The gnoll shouts!
The arrow hits the gnoll.
The gnoll is moderately wounded.
The gnoll hits you with a +0 flail. The gnoll closely misses you.
You shoot an arrow.
The arrow hits the gnoll but does no damage.
The gnoll is lightly wounded.
The gnoll barely misses you. The gnoll misses you.
You shoot an arrow. The arrow hits the gnoll.
The gnoll is heavily wounded.
The gnoll closely misses you. x2
You shoot an arrow. The arrow barely misses the gnoll.
The arrow completely misses the gnoll. x2; The gnoll hits you with a +0 flail!
The gnoll closely misses you. The gnoll hits you with a +0 flail!
* * * LOW HITPOINT WARNING * * *
The gnoll hits you from afar with a +0 spear.
You die...

.... .... .. # .... .##.#
.... ..#.# .... ....###
#### ....g.. ....##. #
####################......>
# ..g.............@ggg#
######
###################.#
#.[)..
.#................#.#
#.####
...##############.#.#
#.#...
......##........#.#.#
#.#.##
#........######.#.#.#
#.#...
#.##.####..<#...#.#.#
#.#... #....# #.#.#.###.#.#
#<##.. ###### #.###.#
#.#.#############


You could see 3 gnolls.

Vanquished Creatures
  A boggart (D:2)
  A gnoll (D:2)
  A worm (D:2)
  A dart slug (D:2)
  A bat (D:1)
  2 endoplasms (D:1)
  2 giant cockroaches
  4 hobgoblins (D:1)
  2 kobolds
  A ball python (D:1)
  4 frilled lizards
  2 rats (D:2)
22 creatures vanquished.

Notes
Turn   | Place    | Note
-------+----------+-------------------------------------------
     0 | D:1      | SmokeWeed the Deep Elf Hunter began the quest for the Orb.
     0 | D:1      | Reached XP level 1. HP: 12/12 MP: 3/3
   222 | D:1      | Reached XP level 2. HP: 14/16 MP: 4/4
   275 | D:1      | Reached skill level 6 in Ranged Weapons
  1169 | D:2      | Noticed Sigmund
  1173 | D:2      | Sigmund changed into Sigmund the boggart
  1173 | D:2      | Noticed Sigmund
  1183 | D:2      | Killed Sigmund the boggart
  1184 | D:2      | Reached skill level 7 in Ranged Weapons
  1184 | D:2      | Reached skill level 1 in Armour
  1184 | D:2      | Reached XP level 3. HP: 12/21 MP: 5/5
  1184 | D:2      | Reached XP level 4. HP: 15/26 MP: 6/6
  1288 | D:2      | Slain by a gnoll

Illustrated notes

Levels and vault maps discovered:
D:1:      evilmike_arrival_plus, layout_loops_ring, item_on_display_a
D:2:      layout_basic, minmay_pentomino_pile, uniq_sigmund

Skill      XL: |  1  2 |
---------------+-------+-----
Ranged Weapons | 7 |  7.3
Fighting       | 2 |  2.0
Armour         | 1 |  1.0
Dodging        | |  2.7
Stealth        | |  1.3
Evocations     | |  0.2

Action                     |  1- 3 |  4- 6 || total
---------------------------+-------+-------++-------
   Fire: Shortbow          |    90 |    10 ||   100
  Evoke: Wand              |     4 |       ||     4
 Armour: Ring mail         |    56 |     5 ||    61
  Dodge: Dodged            |    39 |     8 ||    47

Table legend: (Time is in decaauts)
 A = Elapsed time spent in this place.
 B = Non-inter-level travel time spent in this place.
 C = Inter-level travel time spent in this place.
 D = Time resting spent in this place.
 E = Time spent auto-exploring this place.
 F = Levels seen in this place.
 G = Mean time per level.
                   A        B        C        D        E       F      G
               +--------+--------+--------+--------+--------+-----+--------+
         Total |   1315 |   1293 |     22 |    101 |    938 |   2 |  657.5 |
       Dungeon |   1315 |   1293 |     22 |    101 |    938 |   2 |  657.5 |
               +--------+--------+--------+--------+--------+-----+--------+

Top non-repeatable levels by time:
     D:1: 807 daAuts
     D:2: 507 daAuts
